 Dungeon Crawl Stone Soup version 0.25.1-2-g60ff931df9 (webtiles) character file.

Game seed: 5021275661739776760

1185687 talor the Minotaur Barricade (level 27, -1/245 HPs)
             Began as a Minotaur Fighter on Nov 24, 2020.
             Was the Champion of the Shining One.
             Killed by divine providence
             ... invoked by a daeva
              (13 damage)
             ... in Pandemonium.
             The game lasted 07:20:53 (114132 turns).

talor the Minotaur Barricade (Minotaur Fighter)   Turns: 114132, Time: 07:20:54

Health: -1/245     AC: 43    Str: 40    XL:     27
Magic:  25/35      EV: 16    Int:  5    God:    the Shining One [******]
Gold:   18995      SH: 54    Dex:  6    Spells: 26/26 levels left

rFire    + + .     SeeInvis .   n - +9 sacred scourge (holy)
rCold    + + +     Gourm    .   c - +8 tower shield
rNeg     + + +     Faith    .   r - +9 scales of the Dragon King {rPois rF+ rC+ MR+}
rPois    +         Spirit   .   W - +0 hat "Dur Comp" {rElec MR++}
rElec    +         Reflect  .   X - +2 cloak of Absence {Slay+5 Stlth+}
rCorr    .         Harm     .   v - +2 pair of gloves
MR       +++++     Rnd*Rage +   B - +2 pair of boots {run}
Stlth    ..........             h - amulet of Wishful Thinking {rPois rC- MR+++ Regen+ Int+4}
HPRegen  0.90/turn              E - ring of Irhar {rPois rC++ Str+6 Dex-4 Stlth+}
MPRegen  0.24/turn              q - ring of Nutue {*Contam rPois rF+ rC+ Str+8}

@: divine shield, glowing, quick
A: retaliatory headbutt, horns 2, berserk 3, blurry vision 3, clumsy 2, deformed
body, deterioration 2, dopey 2, frail 1, low mp 1, poison resistance, screaming
3, shaggy fur 1, weak 2, no potion heal 1, MP-powered wands
}: 10/15 runes: decaying, slimy, silver, golden, iron, obsidian, icy, bone,
abyssal, gossamer
a: Divine Shield, Cleansing Flame, Summon Divine Warrior, Renounce Religion


You were in Pandemonium.
You worshipped the Shining One.
The Shining One was exalted by your worship.
You were near starving.

You visited 17 branches of the dungeon, and saw 85 of its levels.
You visited Pandemonium 1 time, and saw 5 of its levels.
You visited the Abyss 1 time.
You also visited: Bailey and Gauntlet.

You collected 20138 gold pieces.
You spent 1143 gold pieces at shops.

Inventory:

Hand Weapons
 n - a +9 sacred scourge of holy wrath (weapon)
 x - the +7 eveningstar of the Establishment {antimagic, *Drain rPois rC+ Str+3}
   (You acquired it on level 3 of the Lair of Beasts)

   It reduces the magical energy of the wielder, and disrupts the spells and
   magical abilities of those hit.
   Natural abilities and divine invocations are not affected.
   It affects your strength (+3).
   It protects you from cold.
   It protects you from poison.
   It causes draining when unequipped.
 Q - the +11 morningstar "Jyzainn" {freeze, rF+ Int+4 Dex-2}
   (You found it on level 7 of Gehenna)

   It has been specially enchanted to freeze those struck by it, causing extra
   injury to most foes and up to half again as much damage against particularly
   susceptible opponents.
   It can also slow down cold-blooded creatures.
   It affects your intelligence (+4).
   It affects your dexterity (-2).
   It protects you from fire.
Armour
 c - a +8 tower shield (worn)
 r - the +9 scales of the Dragon King (worn) {rPois rF+ rC+ MR+}
   (You found it on level 2 of the Elven Halls)

   It protects you from fire.
   It protects you from cold.
   It protects you from poison.
   It affects your resistance to hostile enchantments.
 s - a +2 hat of magic resistance
 v - a +2 pair of gloves (worn)
 B - a +2 pair of boots of running (worn)
 G - the cursed +0 pair of gloves of Indomitability {-Tele MR+ Int+3}
   (You found it on level 3 of the Tomb of the Ancients)

   It affects your intelligence (+3).
   It affects your resistance to hostile enchantments.
   It prevents most forms of teleportation.
   It has a curse placed upon it.
 N - a +2 pair of gloves
 W - the +0 hat "Dur Comp" (worn) {rElec MR++}
   (You found it on level 5 of the Pits of Slime)

   It insulates you from electricity.
   It affects your resistance to hostile enchantments.
 X - the +2 cloak of Absence (worn) {Slay+5 Stlth+}
   (You acquired it on level 11 of the Dungeon)

   It affects your accuracy and damage with ranged weapons and melee attacks
   (+5).
   It makes you more stealthy.
Jewellery
 b - the ring "Xiraih" {+Blink rF+ MR+ SInv}
   (You found it on level 7 of the Iron City of Dis)

   [ring of see invisible]

   It protects you from fire.
   It affects your resistance to hostile enchantments.
   It lets you see invisible.
   It lets you blink.
 h - the amulet of Wishful Thinking (around neck) {rPois rC- MR+++ Regen+ Int+4}
   (You acquired it on level 3 of the Lair of Beasts)

   [amulet of regeneration]

   It affects your intelligence (+4).
   It makes you vulnerable to cold.
   It protects you from poison.
   It affects your resistance to hostile enchantments.
   It increases your rate of regeneration.
 q - the ring of Nutue (right hand) {*Contam rPois rF+ rC+ Str+8}
   (You took it off a vault warden on level 5 of the Vaults)

   [ring of protection from fire]

   It affects your strength (+8).
   It protects you from fire.
   It protects you from cold.
   It protects you from poison.
   It causes magical contamination when unequipped.
 w - an uncursed amulet of reflection
 E - the ring of Irhar (left hand) {rPois rC++ Str+6 Dex-4 Stlth+}
   (You took it off a minotaur in a Gauntlet)

   [ring of strength]

   It affects your strength (+6).
   It affects your dexterity (-4).
   It greatly protects you from cold.
   It protects you from poison.
   It makes you more stealthy.
 L - an uncursed ring of resist corrosion
 S - the ring "Oheo" {+Fly Int+3}
   (You found it on level 7 of Tartarus)

   [ring of flight]

   It affects your intelligence (+3).
   It lets you fly.
Wands
 l - a wand of enslavement (27)
 m - a wand of polymorph (24)
 z - a wand of digging (25)
 M - a wand of paralysis (10)
 T - a wand of disintegration (17)
 U - a wand of flame (14)
Scrolls
 e - 8 scrolls of enchant weapon
 g - 23 scrolls of amnesia
 i - 8 scrolls of noise
 k - 14 scrolls of identify
 p - a scroll of holy word
 t - 27 scrolls of remove curse
 u - 16 scrolls of teleportation
 y - a scroll of brand weapon
 D - 5 scrolls of fear
 H - 12 scrolls of magic mapping
 J - a scroll of blinking
 K - a scroll of summoning
 O - 8 scrolls of fog
 P - 3 scrolls of silence
 V - 4 scrolls of enchant armour
Potions
 a - 9 potions of flight
 d - 4 potions of might
 j - 2 potions of resistance
 o - 16 potions of brilliance
 A - 3 potions of cancellation (quivered)
 C - 24 potions of curing
 F - 7 potions of ambrosia
 I - 5 potions of magic
 R - 2 potions of heal wounds
 Y - a potion of berserk rage
Miscellaneous
 Z - a figurine of a ziggurat
Comestibles
 f - 55 rations


   Skills:
 O Level 27 Fighting
 O Level 27 Maces & Flails
 O Level 27 Armour
 O Level 27 Dodging
 * Level 11.1 Stealth
 O Level 27 Shields
 O Level 27 Invocations
 + Level 26.5 Evocations


You had 26 spell levels left.
You didn't know any spells.
Your spell library contained the following spells:

 Spells                   Type           Power        Failure   Level  Hunger
 Animate Skeleton         Necr           N/A          88%         1    ##.....
 Apportation              Tloc           #.....       88%         1    ##.....
 Beastly Appendage        Tmut           #.....       88%         1    ##.....
 Corona                   Hex            #......      88%         1    ##.....
 Foxfire                  Conj/Fire      #...         88%         1    ##.....
 Freeze                   Ice            #...         88%         1    ##.....
 Infusion                 Chrm           #...         88%         1    ##.....
 Magic Dart               Conj           #...         88%         1    ##.....
 Pain                     Necr           #...         88%         1    ##.....
 Sandblast                Erth           #.....       88%         1    ##.....
 Shock                    Conj/Air       #...         88%         1    ##.....
 Sting                    Tmut/Pois      #...         88%         1    ##.....
 Summon Butterflies       Summ           #.......     88%         1    ##.....
 Summon Small Mammal      Summ           #...         88%         1    ##.....
 Blink                    Tloc           N/A          96%         2    ###....
 Call Imp                 Summ           #.......     96%         2    ###....
 Corpse Rot               Necr/Air       N/A          96%         2    ###....
 Ensorcelled Hibernation  Hex/Ice        #.....       96%         2    ###....
 Passwall                 Tmut/Erth      #.......     96%         2    ###....
 Poisonous Vapours        Pois/Air       #.....       96%         2    ###....
 Searing Ray              Conj           #.....       96%         2    ###....
 Shroud of Golubria       Chrm/Tloc      #.....       96%         2    ###....
 Slow                     Hex            #.......     96%         2    ###....
 Song of Slaying          Chrm           #.......     96%         2    ###....
 Sticks to Snakes         Tmut           #.......     96%         2    ###....
 Sublimation of Blood     Necr           #.........   96%         2    ###....
 Swiftness                Chrm/Air       #.......     96%         2    ###....
 Call Canine Familiar     Summ           #.......     99%         3    ####...
 Confusing Touch          Hex            #.......     99%         3    ####...
 Conjure Flame            Conj/Fire      #.......     99%         3    ####...
 Dazzling Flash           Conj/Hex       #.....       99%         3    ####...
 Frozen Ramparts          Ice            #.....       99%         3    ####...
 Gell's Gravitas          Tloc           #.........   99%         3    ####...
 Ignite Poison            Fire/Tmut/Pois #.......     99%         3    ####...
 Inner Flame              Hex/Fire       #.......     99%         3    ####...
 Mephitic Cloud           Conj/Pois/Air  #.......     99%         3    ####...
 Ozocubu's Armour         Chrm/Ice       #.......     99%         3    ####...
 Portal Projectile        Hex/Tloc       #.....       99%         3    ####...
 Recall                   Summ/Tloc      N/A          99%         3    ####...
 Spectral Weapon          Hex/Chrm       #.......     99%         3    ####...
 Spider Form              Tmut/Pois      #.........   99%         3    ####...
 Static Discharge         Conj/Air       #.......     99%         3    ####...
 Stone Arrow              Conj/Erth      #.....       99%         3    ####...
 Summon Guardian Golem    Hex/Summ       #.......     99%         3    ####...
 Tukima's Dance           Hex            #.......     99%         3    ####...
 Vampiric Draining        Necr           #.........   99%         3    ####...
 Airstrike                Air            #.........   100%        4    #####..
 Animate Dead             Necr           N/A          100%        4    #####..
 Cause Fear               Hex            #.........   100%        4    #####..
 Dispel Undead            Necr           #.......     100%        4    #####..
 Fulminant Prism          Conj/Hex       #.........   100%        4    #####..
 Hailstorm                Conj/Ice       #.......     100%        4    #####..
 Ice Form                 Ice/Tmut       #.......     100%        4    #####..
 Iskenderun's Mystic Bla  Conj/Tloc      #.......     100%        4    #####..
 Leda's Liquefaction      Hex/Erth       #.........   100%        4    #####..
 Olgreb's Toxic Radiance  Pois           #.......     100%        4    #####..
 Petrify                  Tmut/Erth      #.......     100%        4    #####..
 Sticky Flame             Conj/Fire      #.......     100%        4    #####..
 Summon Ice Beast         Ice/Summ       #.......     100%        4    #####..
 Summon Lightning Spire   Summ/Air       #.......     100%        4    #####..
 Agony                    Necr           #.......     100%        5    ######.
 Alistair's Intoxication  Tmut/Pois      #.......     100%        5    ######.
 Blade Hands              Tmut           #.........   100%        5    ######.
 Bolt of Magma            Conj/Fire/Erth #.........   100%        5    ######.
 Borgnjor's Vile Clutch   Necr/Erth      #.........   100%        5    ######.
 Excruciating Wounds      Chrm/Necr      #.........   100%        5    ######.
 Fireball                 Conj/Fire      #.........   100%        5    ######.
 Irradiate                Conj/Tmut      #.........   100%        5    ######.
 Iskenderun's Battlesphe  Conj/Chrm      #.......     100%        5    ######.
 Lee's Rapid Deconstruct  Erth           #.........   100%        5    ######.
 Lightning Bolt           Conj/Air       #.........   100%        5    ######.
 Metabolic Englaciation   Hex/Ice        #.........   100%        5    ######.
 Silence                  Hex/Air        #.........   100%        5    ######.
 Summon Demon             Summ           #.........   100%        5    ######.
 Summon Forest            Summ/Tloc      #.........   100%        5    ######.
 Summon Mana Viper        Hex/Summ       #.......     100%        5    ######.
 Yara's Violent Unravell  Hex/Tmut       #.........   100%        5    ######.
 Conjure Ball Lightning   Conj/Air       #.........   100%        6    #######
 Darkness                 Hex            #.........   100%        6    #######
 Death Channel            Necr           #.........   100%        6    #######
 Eringya's Noxious Bog    Tmut/Pois      #.........   100%        6    #######
 Freezing Cloud           Conj/Ice/Air   #.........   100%        6    #######
 Hydra Form               Tmut           #.........   100%        6    #######
 Iron Shot                Conj/Erth      #.........   100%        6    #######
 Ozocubu's Refrigeration  Ice            #.........   100%        6    #######
 Shadow Creatures         Summ           N/A          100%        6    #######
 Simulacrum               Ice/Necr       #.........   100%        6    #######
 Starburst                Conj/Fire      #.........   100%        6    #######
 Statue Form              Tmut/Erth      #........    100%        6    #######
 Dragon Form              Tmut           #.........   100%        7    #######
 Haunt                    Necr/Summ      #.........   100%        7    #######
 Orb of Destruction       Conj           #.........   100%        7    #######
 Spellforged Servitor     Conj/Summ      #.........   100%        7    #######
 Summon Hydra             Summ           #.........   100%        7    #######
 Borgnjor's Revivificati  Necr           #.........   100%        8    #######
 Death's Door             Chrm/Necr      #.........   100%        8    #######
 Discord                  Hex            #.........   100%        8    #######
 Ignition                 Fire           #.........   100%        8    #######
 Infestation              Necr           #.........   100%        8    #######
 Necromutation            Tmut/Necr      #.........   100%        8    #######
 Shatter                  Erth           #.........   100%        9    #######
 Tornado                  Air            #.........   100%        9    #######


Dungeon Overview and Level Annotations

Branches:
Dungeon (15/15)            Temple (1/1) D:4            Lair (6/6) D:9
  Swamp (4/4) Lair:4       Spider (4/4) Lair:3        Slime (5/5) Lair:6
    Orc (2/2) D:10            Elf (3/3) Orc:2        Vaults (5/5) D:14
  Crypt (3/3) Vaults:2       Tomb (3/3) Crypt:3      Depths (5/5) D:15
   Hell (visited)             Dis (7/7) Hell            Geh (7/7) Hell
    Coc (7/7) Hell            Tar (7/7) Hell            Zot (0/5) Depths:5
 Bailey (visited)         Gauntlet (visited)

Altars:
Ashenzari
Cheibriados
Dithmenos
Elyvilon
Fedhas
Gozag
Hepliaklqana
Kikubaaqudgha
Makhleb
Nemelex Xobeh
Okawaru
Qazlal
Ru
Sif Muna
Trog
Uskayaw
Vehumet
Wu Jian
Xom
Yredelemnul
Zin
The Shining One
Beogh
Jiyva

Shops:
D:7 *   Orc:2 ([*(   Elf:1 :   Vaults:2 *   Vaults:3 }   Depths:5 }=}

Portals:
Hell: Depths:1 Depths:2 Depths:3 Depths:4 Depths:5
Abyss: Depths:3 Depths:4
Pandemonium: Depths:3
Ziggurat: Depths:1

Annotations:
Lair:4 exclusion: 2 oklob plants
Coc:7 exclusion: ice statue


Innate Abilities, Weirdness & Mutations

You reflexively headbutt those who attack you in melee.
You have a pair of horns on your head.
You have an uncontrollable temper.
Scrolls take you much longer to read.
You are very clumsy. (Dex -4)
Armour fits poorly on your strangely shaped body.
Your body often deteriorates upon taking damage.
You are very dopey. (Int -4)
You are frail. (-10% HP)
Your magical capacity is low. (-10% MP)
Your system is resistant to poisons. (rPois)
You frequently scream uncontrollably at your foes.
You are covered in fur. (AC +1)
You are very weak. (Str -4)
Potions are less effective at restoring your health.
You expend magic power (3 MP) to strengthen your wands.


Message History

The angel hits your daeva but does no damage.
The daeva calls down the wrath of Zin upon you.
Zin smites you!
* * * LOW HITPOINT WARNING * * *
The daeva calls down the wrath of Zin upon you.
Zin smites you!
* * * LOW HITPOINT WARNING * * *
The daeva calls down the wrath of Zin upon you.
Zin smites you!
* * * LOW HITPOINT WARNING * * *
The angel hits your daeva with a +1 whip of holy wrath.
Your daeva blocks the angel's attack.
Your daeva blocks the daeva's attack. x2
Your daeva completely misses the angel.
Your daeva hits the angel with a +3 scimitar of holy wrath.
You begin reading the scroll.
You continue reading the scroll.
The angel hits your daeva with a +1 whip of holy wrath.
Your daeva blocks the angel's attack.
The daeva calls down the wrath of Zin upon you.
Zin smites you!
You die...

.....##..........
..(.()†.......... ...
####### ..#.#############
..####....... ...###
............ ..## ..#
........... ..# ....
...#...... ..#
.....##############......#
..#
......YA#.#.#.#.#.#.#...##
..# #AA..@......'......##
..#
....AAAA#.#.#.#.#.#.#.....#
..#
....A##############.........
..# .... #........#......
..## ..# #.##.........###
...### #.#......#####
..#.##############....#####
#..................####
###..............###


You could see an apis, 6 daevas, an angel and a friendly daeva (summoned).

Vanquished Creatures
  Asmodeus (Geh:7)
  Antaeus (Coc:7)
  the Royal Jelly (Slime:5)
  the Serpent of Hell (Tar:7)
  Khufu (Crypt:2)
  Dispater (Dis:7)
  4 ancient liches
  A juggernaut (Depths:5)
  Mennas (Tomb:3)
  22 greater mummies
  Frederick (Tomb:3)
  13 shard shrikes
  10 caustic shrikes
  Geryon (Hell)
  6 golden dragons
  The ghost of Ylukin the Warrior, an adept DgCj (Depths:3)
  3 pandemonium lords (Pan)
  15 bone dragons
  Arachne (Spider:4)
  Jory (Vaults:2)
  A profane servitor (Crypt:3)
  19 doom hounds
  19 liches
  38 Tzitzimimeh
  A hellephant (Pan)
  36 Brimstone Fiends
  9 Hell Sentinels
  11 iron giants
  17 Ice Fiends
  8 tentacled monstrosities
  Asterion (Vaults:3)
  A deep elf master archer (Elf:3)
  3 titans
  Gastronok (Lair:3)
  A deep elf blademaster (Elf:2)
  4 quicksilver dragons
  12 Executioners
  Agnes (Spider:1)
  Frances (Swamp:1)
  30 acid blobs
  18 sphinxes
  23 ancient champions
  The ghost of Viocziel the Brawler, an adept TrMo of Nemelex Xobeh (Depths:4)
  21 shadow dragons
  4 tentacled starspawn
  2 thorn hunters (Swamp:4)
  26 azure jellies
  14 tengu reavers
  A draconian monk (Depths:5)
  An azure jelly (shapeshifter) (Vaults:3)
  3 warmongers (Pan)
  6 storm dragons
  2 revenants
  13 deep elf sorcerers
  13 fire giants
  12 frost giants
  11 iron dragons
  2 ghost moths (Spider:4)
  An orc warlord (Bailey)
  9 deep elf elementalists
  9 cacodemons
  A curse skull (Tar:3)
  13 vault wardens
  Louise (Spider:2)
  6 emperor scorpions
  29 balrugs
  A spectral juggernaut (Depths:3)
  An angel (Pan)
  11 ghouls
  82 reapers
  19 ironheart preservers
  2 blood saints (Pan)
  3 spriggan defenders
  4 elemental wellsprings
  A stone giant (shapeshifter) (Depths:3)
  28 very ugly things
  2 corrupters (Pan)
  15 war gargoyles
  2 entropy weavers
  A caustic shrike skeleton (Crypt:1)
  17 bennus
  26 large abominations
  3 lorocyprocas
  34 stone giants
  7 vampire knights
  12 deep elf annihilators
  2 green draconians (Depths:5)
  5 spark wasps
  9 deep elf demonologists
  3 apis (Pan)
  A black sun (Pan)
  3 black draconians (Depths:5)
  3 spectral titans
  A white draconian (Depths:5)
  3 yellow draconians (Depths:5)
  A minotaur (Gauntlet)
  Snorg (Lair:4)
  14 eidola
  3 green deaths
  8 deep elf death magi
  14 fire dragons
  7 ettins
  7 quicksilver dragon zombies
  24 blizzard demons
  16 death oozes
  13 jiangshi
  9 deep elf high priests
  26 mummy priests
  18 yaktaur captains
  A spectral kraken (Tar:7)
  17 great orbs of eyes
  11 ogre magi
  12 quicksilver dragon skeletons
  Harold (Orc:1)
  7 rakshasas
  A hell beast (Pan)
  39 vault guards
  3 monstrous demonspawn (Pan)
  17 hydras
  4 spriggan air magi
  27 ice dragons
  A juggernaut simulacrum (Depths:3)
  5 shambling mangroves
  5 centaur warriors
  4 ghost crabs
  An anaconda (shapeshifter) (Depths:4)
  10 death knights
  36 two-headed ogres
  35 dancing weapons
  A catoblepas (Lair:6)
  6 deep troll shamans
  2 two-headed ogres (shapeshifter)
  38 death scarabs
  5 tengu warriors
  8 alligators
  14 deep troll earth magi
  2 spectral stone giants (Depths:3)
  5 spriggan berserkers
  48 hell hogs
  9 titan zombies
  11 vampire magi
  5 thrashing horrors
  86 hell knights
  10 storm dragon zombies
  3 orc high priests (Orc:2)
  Urug (Lair:4)
  8 titan skeletons
  36 soul eaters
  51 sun demons
  Sonja (D:10)
  11 wretched stars
  Nergalle (D:11)
  22 deep elf knights
  4 iron trolls
  10 sixfirhies
  A death drake (Tar:7)
  5 iron golems
  6 shadow wraiths
  10 storm dragon skeletons
  8 golden dragon zombies
  A cherub (Pan)
  35 deep trolls
  2 gelid demonspawn (Pan)
  204 skeletal warriors
  3 ghost moth zombies
  32 flayed ghosts
  13 anaconda zombies
  5 unseen horrors
  10 glowing orange brains
  A deep troll (shapeshifter) (Vaults:4)
  25 deep elf archers
  4 infernal demonspawn (Pan)
  3 torturous demonspawn (Pan)
  47 phantasmal warriors
  21 ironbrand convokers
  33 shadow demons
  5 spriggan druids
  7 starcursed masses
  7 swamp dragons
  5 wizards
  A lindwurm (Lair:6)
  24 necromancers
  A tengu zombie (Depths:2)
  8 anaconda skeletons
  5 golden dragon skeletons
  4 spectral wolf spiders (Spider:4)
  9 wolf spider zombies
  14 shadow dragon zombies
  16 orc knights
  29 wolf spiders
  77 deep elf magi
  12 fire giant zombies
  4 oklob plants
  A sphinx zombie (Crypt:1)
  13 iron dragon zombies
  7 shining eyes
  7 orc sorcerers
  7 shadow dragon skeletons
  9 orb spiders
  15 stone giant zombies
  2 salamanders (shapeshifter)
  A wolf spider (shapeshifter) (Vaults:5)
  A salamander (Depths:1)
  5 moths of wrath (Spider:4)
  8 cyclopes
  An elephant (shapeshifter) (Depths:4)
  47 ugly things
  2 manticores
  2 worldbinders
  13 iron dragon skeletons
  A sphinx skeleton (Depths:4)
  79 rust devils
  12 dire elephant zombies
  9 elephants (Lair:5)
  6 frost giant skeletons
  A manticore (shapeshifter) (Vaults:5)
  3 shock serpent zombies
  15 frost giant zombies
  7 stone giant skeletons
  Psyche (D:10)
  7 fire giant skeletons
  4 black mambas
  An apocalypse crab (Abyss:1)
  A guardian serpent (shapeshifter) (D:13)
  19 spiny frogs
  3 eyes of devastation
  3 ice statues
  2 titan simulacra
  2 shock serpent skeletons
  20 vault sentinels
  Maggie (D:10)
  3 centaur skeletons
  12 molten gargoyles
  6 orange demons
  15 smoke demons
  A storm dragon simulacrum (Vaults:3)
  3 gargoyles
  7 spectral swamp worms (Tar:7)
  A black draconian zombie (Dis:4)
  8 torpor snails
  8 dire elephant skeletons
  4 catoblepas zombies
  50 hellions
  A spiny frog (shapeshifter) (Depths:1)
  2 rime drakes
  11 efreet
  18 komodo dragons
  5 emperor scorpion zombies
  A grey draconian skeleton (Crypt:2)
  85 tormentors
  7 iron troll zombies (Dis:2)
  37 guardian mummies
  3 redback zombies (Spider:4)
  A spectral redback (Spider:4)
  55 yaktaurs
  17 demonic crawlers
  54 freezing wraiths
  An ancient zyme (Abyss:1)
  2 anaconda simulacra
  4 hellwings
  A rime drake (shapeshifter) (Vaults:1)
  40 ice devils
  4 silent spectres
  A purple draconian skeleton (Geh:5)
  A minotaur skeleton (Coc:7)
  65 red devils
  3 catoblepas skeletons
  2 queen bees (shapeshifter)
  A queen bee (Abyss:3)
  4 harpy zombies
  2 spectral tarantellas (Spider:4)
  A yaktaur skeleton (Vaults:2)
  4 tengu conjurers
  4 iron troll skeletons (Dis:2)
  5 meliai (Abyss:3)
  2 polar bears (shapeshifter)
  15 tyrant leeches
  2 tengu simulacra (Vaults:3)
  A wind drake (shapeshifter) (Depths:4)
  23 hydra zombies
  11 bog bodies
  4 harpy skeletons
  6 spectral jumping spiders (Spider:4)
  39 jumping spiders
  13 trolls
  A tarantella zombie (Spider:4)
  33 hornets
  17 blink frogs
  94 slime creatures
  12 hydra skeletons
  9 dream sheep
  13 ice dragon zombies
  9 fire dragon zombies
  11 alligator zombies
  A meliai zombie (D:12)
  2 stone giant simulacra
  A hippogriff (shapeshifter) (Depths:4)
  2 frost giant simulacra
  15 ettin zombies
  2 raiju (Abyss:1)
  9 hippogriffs
  3 air elementals
  6 ice dragon skeletons
  200 flying skulls
  78 redbacks
  77 wraiths
  3 spriggan skeletons
  5 alligator skeletons
  8 spriggans
  41 shadows
  24 ynoxinuls
  A spriggan (shapeshifter) (Depths:4)
  33 tarantellas
  5 wyverns
  2 basilisks
  12 ettin skeletons
  2 dire elephant simulacra
  19 ushabtiu
  41 yaks
  12 water elementals
  6 fire dragon skeletons
  12 small abominations
  A black mamba skeleton (Geh:7)
  A tarantella (shapeshifter) (Depths:1)
  3 vampires
  6 fire bats
  44 fire elementals
  14 golden eyes
  A wyvern (shapeshifter) (Depths:4)
  4 chaos spawn
  A hog (Depths:1)
  3 human simulacra
  3 steam dragons
  15 vampire mosquitoes
  9 neqoxecs
  5 hungry ghosts
  2 wargs (D:10)
  A glowing shapeshifter zombie (Crypt:2)
  2 merfolk zombies
  10 spiny frog zombies
  20 swamp worms
  2 soldier ants (D:13)
  16 insubstantial wisps
  3 acid dragons
  A water moccasin (shapeshifter) (Vaults:1)
  9 water moccasins
  2 tengu skeletons
  127 hell hounds
  17 porcupines
  A merfolk skeleton (Dis:2)
  3 black bears
  3 hydra simulacra
  A deep troll skeleton (Vaults:2)
  3 hornet zombies
  11 swamp drakes
  38 orc warriors
  3 sky beasts
  A spectral hornet (Spider:4)
  4 spiny frog skeletons
  2 swamp dragon zombies
  A black bear (shapeshifter) (Depths:4)
  11 ice beasts
  21 ogres
  A sky beast (shapeshifter) (Depths:4)
  14 snapping turtle zombies
  An alligator simulacrum (Coc:3)
  6 eyes of draining
  55 necrophages
  17 boggarts
  14 phantoms
  A black mamba simulacrum (Coc:7)
  An ice dragon simulacrum (Tar:2)
  2 wolves (shapeshifter)
  2 manticore zombies
  15 wolves
  3 swamp dragon skeletons
  16 centaurs
  3 manticore skeletons
  3 snapping turtle skeletons
  20 crocodiles
  An orc skeleton (Vaults:2)
  Blork the orc (D:5)
  2 big kobolds
  2 elf skeletons
  15 bullfrogs
  A salamander zombie (Crypt:1)
  A deep troll simulacrum (Vaults:4)
  4 earth elementals
  2 wyvern zombies
  A spiny frog simulacrum (Coc:3)
  A merfolk simulacrum (Crypt:1)
  A water moccasin zombie (D:7)
  5 scorpions
  A spriggan zombie (Geh:3)
  7 wyvern skeletons (Crypt:3)
  A water moccasin skeleton (Crypt:1)
  31 killer bees
  3 troll zombies
  A killer bee (shapeshifter) (Vaults:3)
  130 wights
  An electric eel (Spider:3)
  A vampire bat (Depths:1)
  5 howler monkeys
  8 centaur zombies
  10 crimson imps
  3 bullfrog zombies
  3 human zombies
  8 jellies
  A demonspawn zombie (Crypt:2)
  10 hounds
  17 orc priests
  45 iron imps
  27 orc wizards
  Crazy Yiuf (D:5)
  4 bullfrog skeletons
  A gnoll shaman (D:7)
  Jessica (D:2)
  5 human skeletons
  6 iguanas
  10 worker ants
  9 hell rats (Lair:2)
  A centaur simulacrum (D:11)
  3 ogre skeletons
  A sky beast zombie (Crypt:1)
  A naga skeleton (Geh:1)
  A hound zombie (Crypt:2)
  A hound skeleton (D:9)
  48 mummies
  3 worker ant zombies
  17 gnolls
  15 adders
  A howler monkey skeleton (D:7)
  12 river rats (Lair:2)
  A steam dragon skeleton (Crypt:2)
  18 shadow imps
  18 white imps
  9 oozes
  4 adder zombies
  2 adder skeletons
  3 worms
  A barachi skeleton (Crypt:2)
  A dart slug (D:1)
  4 leopard geckos
  119 orcs
  7 giant cockroaches
  22 hobgoblins
  3 jackals (D:8)
  15 kobolds
  10 quokkas
  A bat (D:1)
  A dart slug zombie (Crypt:2)
  3 frilled lizards
  20 goblins
  A jackal skeleton (D:4)
  3 orc zombies
  2 quokka zombies
  13 rats
  4 crawling corpses
  A fire vortex (Depths:1)
  A lurking horror (Abyss:1)
  A plant (Lair:6)
  A starspawn tentacle (Abyss:1)
  4 tentacles (Tar:7)
5554 creatures vanquished.

Vanquished Creatures (collateral kills)
  Ereshkigal (Tar:7)
  A pandemonium lord (Pan)
  4 greater mummies
  5 Tzitzimimeh
  A doom hound (Tar:4)
  An Ice Fiend (Coc:7)
  A lich (Crypt:2)
  3 ancient champions
  A revenant (Crypt:2)
  A shadow dragon (Tar:7)
  10 reapers
  A bennu (Tomb:3)
  3 mummy priests
  2 jiangshi (Crypt:2)
  5 blizzard demons
  A monstrous demonspawn (Pan)
  A spectral kraken (Tar:7)
  A quicksilver dragon skeleton (Geh:7)
  A ghost crab (Tar:5)
  A vampire mage (Crypt:2)
  5 death scarabs (Tomb:1)
  A sun demon (Geh:7)
  A storm dragon zombie (Coc:6)
  4 soul eaters
  13 skeletal warriors
  An unseen horror (D:11)
  A storm dragon skeleton (Tar:7)
  4 shadow demons (Tar:7)
  A flayed ghost (Tar:4)
  An ironbrand convoker (Vaults:1)
  4 phantasmal warriors
  2 frost giant zombies
  2 wolf spider zombies
  A stone giant skeleton (Tar:3)
  2 spectral swamp worms (Tar:7)
  A yaktaur (Vaults:1)
  3 ice devils (Coc:7)
  2 guardian mummies (Tomb:2)
  2 freezing wraiths
  4 tormentors
  A silent spectre (Tar:7)
  A hydra skeleton (Geh:7)
  3 hydra zombies
  A fire dragon zombie (Tar:5)
  A bog body (Coc:7)
  An alligator zombie (Coc:3)
  An ettin zombie (Tar:7)
  An ice dragon zombie (Tar:5)
  2 water elementals
  9 flying skulls
  A shadow (Tar:7)
  A wraith (Tar:7)
  2 fire elementals (Geh:7)
  3 hungry ghosts
  2 spiny frog zombies (Coc:7)
  9 hell hounds
  A spiny frog skeleton (Tar:2)
  3 ice beasts
  7 necrophages
  6 wights
  3 mummies (Tomb:2)
  2 shadow imps
  2 white imps (Coc:3)
  An orc zombie (Tar:6)
  A tentacle (Tar:7)
165 creatures vanquished.

Vanquished Creatures (others)
  A frost giant (Coc:7)
  An elemental wellspring (Coc:7)
  A spriggan air mage (Depths:4)
  3 hell hogs
  A deep elf mage (Vaults:5)
  A dire elephant skeleton (Geh:7)
  2 hornets (Swamp:4)
  A shadow (Geh:1)
  A wraith (Coc:3)
  A crocodile (Lair:6)
  2 wights
  2 crimson imps (Geh:4)
  An orc priest (Orc:2)
  2 white imps (Geh:4)
  2 orcs (D:10)
  4 bushes (D:9)
  2 crawling corpses (Vaults:5)
  10 fungi
  A lost soul (Tar:2)
  21 plants
  9 starspawn tentacles
  11 tentacles (Tar:7)
  10 withered plants
90 creatures vanquished.

Grand Total: 5809 creatures vanquished

Notes
Turn   | Place    | Note
-------+----------+-------------------------------------------
     0 | D:1      | talor the Minotaur Fighter began the quest for the Orb.
     0 | D:1      | Reached XP level 1. HP: 19/19 MP: 0/0
   551 | D:1      | Reached XP level 2. HP: 27/27 MP: 1/1
  1017 | D:2      | Found a blossoming altar of Fedhas.
  1020 | D:2      | Found a stormy altar of Qazlal.
  1023 | D:2      | Found an ancient bone altar of Kikubaaqudgha.
  1372 | D:2      | Found an opulent altar of Gozag.
  1728 | D:2      | Noticed Jessica
  1733 | D:2      | Killed Jessica
  1733 | D:2      | Reached XP level 3. HP: 19/33 MP: 2/2
  2472 | D:3      | You fall into a shaft and drop 2 floors!
  2472 | D:5      | Entered Level 5 of the Dungeon
  2473 | D:5      | Noticed a phantom
  2497 | D:5      | Reached XP level 4. HP: 36/40 MP: 3/3
  2501 | D:5      | Killed a phantom
  2501 | D:5      | Reached skill level 5 in Armour
  2501 | D:5      | Reached XP level 5. HP: 40/47 MP: 4/4
  2670 | D:5      | Gained mutation: You are covered in fur. (AC +1) [potion of
                  | mutation]
  2670 | D:5      | Gained mutation: Your movements are slightly less
                  | encumbered by armour. (ER -2) [potion of mutation]
  2670 | D:5      | Gained mutation: Your mind is acute. (Int +2) [potion of
                  | mutation]
  2787 | D:5      | Noticed Blork the orc
  2805 | D:5      | Killed Blork the orc
  2805 | D:5      | Reached skill level 5 in Maces & Flails
  2805 | D:5      | Reached XP level 6. HP: 33/53 MP: 5/5
  3287 | D:5      | Found a runed translucent door.
  3288 | D:5      | Noticed Crazy Yiuf
  3399 | D:5      | Killed Crazy Yiuf
  3685 | D:4      | Found an ornate altar of the Wu Jian Council.
  4057 | D:4      | Reached skill level 5 in Fighting
  4057 | D:4      | Reached skill level 5 in Shields
  4061 | D:4      | Found a staircase to the Ecumenical Temple.
  4067 | D:4      | Reached XP level 7. HP: 61/61 MP: 6/6
  4076 | Temple   | Entered the Ecumenical Temple
  4084 | Temple   | Became a worshipper of the Shining One
  4801 | D:3      | Noticed a hornet
  4807 | D:3      | Paralysed by a hornet for 3 turns
  4810 | D:3      | Killed a hornet
  5375 | D:6      | Found a glowing golden altar of the Shining One.
  5466 | D:6      | Reached * piety under the Shining One
  5469 | D:6      | Reached XP level 8. HP: 69/69 MP: 7/7
  6417 | D:7      | Reached ** piety under the Shining One
  6443 | D:7      | Reached XP level 9. HP: 78/78 MP: 8/8
  6628 | D:7      | Found Jourr's Assorted Antiques.
  6744 | D:7      | Reached skill level 10 in Maces & Flails
  7294 | D:8      | Found a shimmering altar of Xom.
  7295 | D:8      | Found a shimmering altar of Xom.
  7295 | D:8      | Found a shimmering altar of Xom.
  7295 | D:8      | Found a shimmering altar of Xom.
  7295 | D:8      | Found a shimmering altar of Xom.
  7297 | D:8      | Found a shimmering altar of Xom.
  7446 | D:8      | Found a shattered altar of Ashenzari.
  7525 | D:8      | Reached *** piety under the Shining One
  7647 | D:8      | Noticed a two-headed ogre
  7656 | D:8      | Killed a two-headed ogre
  7656 | D:8      | Reached XP level 10. HP: 61/88 MP: 9/9
  8382 | D:9      | Found a glowing silver altar of Zin.
  8548 | D:9      | Found a hide-covered altar of Uskayaw.
  8838 | D:9      | Reached skill level 10 in Shields
  8952 | D:9      | Found a staircase to the Lair.
  8953 | D:9      | Reached **** piety under the Shining One
  9250 | D:9      | Found a shadowy altar of Dithmenos.
  9509 | D:10     | Entered Level 10 of the Dungeon
  9521 | D:10     | Noticed Maggie
  9522 | D:10     | Noticed Psyche
  9530 | D:10     | Found a staircase to the Orcish Mines.
  9536 | D:10     | Noticed Sonja
  9570 | D:10     | Reached XP level 11. HP: 53/97 MP: 10/10
  9915 | Lair:1   | Entered Level 1 of the Lair of Beasts
 10856 | Lair:2   | Reached skill level 10 in Armour
 11831 | Lair:2   | Reached ***** piety under the Shining One
 12595 | Lair:2   | Got a dazzling mace
 12600 | Lair:2   | Identified the cursed +1 mace of the Wheel {vamp, Int+2}
                  | (You found it on level 2 of the Lair of Beasts)
 12694 | Lair:3   | Noticed Gastronok
 12733 | Lair:3   | Killed Gastronok
 12733 | Lair:3   | Reached skill level 10 in Fighting
 12733 | Lair:3   | Reached XP level 12. HP: 64/106 MP: 11/11
 13013 | Lair:3   | Found a hole to the Spider Nest.
 15087 | Lair:4   | Noticed Snorg
 15112 | Lair:4   | Killed Snorg
 15393 | Lair:4   | Found a staircase to the Swamp.
 15416 | Lair:4   | Noticed Urug
 15429 | Lair:4   | Killed Urug
 15605 | Lair:4   | Reached XP level 13. HP: 96/116 MP: 12/12
 16047 | Lair:5   | Reached skill level 15 in Maces & Flails
 16452 | Lair:5   | Got a dazzling scale mail
 16453 | Lair:5   | Identified the cursed +0 scale mail of Darkness {+Inv} (You
                  | found it on level 5 of the Lair of Beasts)
 16837 | Lair:5   | Reached skill level 15 in Shields
 17287 | Lair:6   | Entered Level 6 of the Lair of Beasts
 18508 | Lair:6   | Identified a scroll of acquirement
 18508 | Lair:6   | Acquired the ring of Ynexeqesiu {Str+5 Int+6 Stlth-}
 18801 | Lair:6   | Found a runed translucent door.
 18802 | Lair:6   | Noticed a fire dragon
 19233 | Lair:6   | Paralysed by a hornet for 3 turns
 19904 | Lair:6   | Killed a fire dragon
 20141 | Swamp:1  | Entered Level 1 of the Swamp
 20238 | Swamp:1  | Reached XP level 14. HP: 127/127 MP: 13/13
 20280 | Swamp:1  | Reached ****** piety under the Shining One
 21212 | Swamp:2  | Noticed Frances
 21592 | Swamp:1  | Killed Frances
 22065 | D:10     | Killed Maggie
 22186 | D:10     | Killed Sonja
 22258 | D:10     | Killed Psyche
 22914 | D:11     | Found a basalt altar of Yredelemnul.
 22972 | D:11     | Identified the Almanac of Unstable Attacks
 23010 | D:11     | Acquired the +2 cloak of Absence {Slay+5 Stlth+}
 23682 | D:11     | Noticed Nergalle
 23691 | D:11     | Killed Nergalle
 24000 | D:11     | Got a warped chain mail
 24011 | D:11     | Identified the +3 chain mail of the Thirteen Teeth {rElec
                  | rPois rN+} (You found it on level 11 of the Dungeon)
 24697 | D:12     | Found a stormy altar of Qazlal.
 25444 | D:13     | Reached XP level 15. HP: 137/137 MP: 14/14
 26808 | D:14     | Found a flagged portal.
 26834 | Bailey   | Entered a bailey
 27041 | Bailey   | Noticed an orc warlord
 27088 | Bailey   | Killed an orc warlord
 27139 | Bailey   | Got a crystal mace
 27144 | Bailey   | Identified the +7 mace "Lifebane" {freeze, rF+ rC- Dex+2}
                  | (You found it in a bailey)
 27393 | D:14     | Found a gate to the Vaults.
 27986 | D:15     | Entered Level 15 of the Dungeon
 28199 | D:15     | Found a staircase to the Depths.
 28276 | D:15     | Reached skill level 15 in Fighting
 29040 | Orc:1    | Entered Level 1 of the Orcish Mines
 29040 | Orc:1    | Noticed Harold
 29050 | Orc:1    | Killed Harold
 29457 | Orc:2    | Entered Level 2 of the Orcish Mines
 29616 | Orc:2    | Found a gate leading to a gauntlet.
 29650 | Gauntlet | Entered a Gauntlet
 29650 | Gauntlet | Found a transporter.
 29663 | Gauntlet | Found a transporter.
 29667 | Gauntlet | Found a transporter.
 29669 | Gauntlet | Found a transporter.
 29681 | Gauntlet | Found a transporter.
 29696 | Gauntlet | Found a transporter.
 29701 | Gauntlet | Found a transporter.
 29716 | Gauntlet | Found a transporter.
 29738 | Gauntlet | Found a transporter.
 29747 | Gauntlet | Found a transporter.
 29759 | Gauntlet | Found a transporter.
 29771 | Gauntlet | Found a transporter.
 29777 | Gauntlet | Found a transporter.
 29777 | Gauntlet | Found a transporter.
 29779 | Gauntlet | Found a transporter.
 29792 | Gauntlet | Found a large runed translucent door.
 29793 | Gauntlet | Found a large runed translucent door.
 29794 | Gauntlet | Found a large runed translucent door.
 29794 | Gauntlet | Found a large runed translucent door.
 29795 | Gauntlet | Found a runed translucent gate.
 29796 | Gauntlet | Found a transporter.
 29796 | Gauntlet | Found a runed translucent gate.
 29797 | Gauntlet | Found a runed translucent gate.
 29798 | Gauntlet | Found a large runed translucent door.
 29798 | Gauntlet | Found a large runed translucent door.
 29799 | Gauntlet | Found a large runed translucent door.
 29800 | Gauntlet | Found a large runed translucent door.
 29809 | Gauntlet | Found a large runed translucent door.
 29809 | Gauntlet | Found a large runed translucent door.
 29809 | Gauntlet | Found a runed translucent door.
 29809 | Gauntlet | Found a runed translucent door.
 29810 | Gauntlet | Found a large runed translucent door.
 29811 | Gauntlet | Found a large runed translucent door.
 29813 | Gauntlet | Found a transporter.
 29821 | Gauntlet | Found a large runed translucent door.
 29821 | Gauntlet | Found a large runed translucent door.
 29822 | Gauntlet | Found a large runed translucent door.
 29823 | Gauntlet | Found a large runed translucent door.
 29833 | Gauntlet | Found a transporter.
 30419 | Gauntlet | Gained mutation: You are frail. (-10% HP) [a neqoxec]
 30421 | Gauntlet | Gained mutation: You tend to lose your temper in combat. [a
                  | neqoxec]
 30523 | Gauntlet | Identified the +9 trident "Ciush" {drain, *Contam rN+ SInv
                  | Stlth+}
 30523 | Gauntlet | Identified the +1 kite shield of Trial and Error {rElec rN+
                  | Slay-4 Stlth+}
 30523 | Gauntlet | Identified the ring of Irhar {rPois rC++ Str+6 Dex-4
                  | Stlth+}
 30544 | Gauntlet | Got a steaming brass ring
 30548 | Gauntlet | Got a faintly glowing short sword
 30552 | Gauntlet | Identified the Papyrus of Enhancements
 30569 | Gauntlet | Identified the +2 short sword of Battle {speed, rN++} (You
                  | found it in a Gauntlet)
 30572 | Gauntlet | Identified the ring "Xybba" {Fire rElec Str-5 Int+4 SInv}
                  | (You found it in a Gauntlet)
 30732 | Orc:2    | Found a roughly hewn altar of Beogh.
 30866 | Orc:2    | Found a staircase to the Elven Halls.
 31056 | Orc:2    | Reached XP level 16. HP: 105/135 MP: 15/15
 31115 | Orc:2    | Found Daen's Weapon Emporium.
 31115 | Orc:2    | Found Nofiquew's Antique Weapon Boutique.
 31128 | Orc:2    | Found Wohes's Assorted Antiques.
 31128 | Orc:2    | Found Bacaj's Antique Armour Boutique.
 31136 | Orc:2    | Bought a scroll of holy word for 202 gold pieces
 31136 | Orc:2    | Bought a shimmering morningstar for 243 gold pieces
 31136 | Orc:2    | Bought a potion of haste for 270 gold pieces
 31141 | Orc:2    | Bought a brightly glowing flail for 246 gold pieces
 31378 | Orc:2    | Identified the +7 morningstar of Joumood {pain, *Slow
                  | Dex+6} (You bought it in a shop on level 2 of the Orcish
                  | Mines)
 31380 | Orc:2    | Identified the +7 flail "Tormentor" {flame, rF+} (You
                  | bought it in a shop on level 2 of the Orcish Mines)
 31450 | Elf:1    | Entered Level 1 of the Elven Halls
 31543 | Elf:1    | Reached skill level 15 in Armour
 32973 | Elf:1    | Identified Ferretoe's Handbook of Creative Attacks
 33141 | Elf:1    | Found Guedyll's Book Emporium.
 33461 | Elf:2    | Found a runed translucent gate.
 33461 | Elf:2    | Found a runed translucent gate.
 33461 | Elf:2    | Found a runed translucent gate.
 33662 | Elf:2    | Found the +9 scales of the Dragon King {rPois rF+ rC+ MR+}
 34342 | Elf:2    | Reached XP level 17. HP: 144/144 MP: 16/16
 35148 | Elf:3    | Entered Level 3 of the Elven Halls
 36136 | Elf:3    | Noticed a deep elf master archer
 36146 | Elf:3    | Killed a deep elf master archer
 36334 | Elf:3    | Identified the ring "Qeddiroe" {rF+ AC+4 Int+4}
 36334 | Elf:3    | Identified the +9 glaive of Arenni {vorpal, rElec rN+
                  | Str+3}
 36514 | Elf:2    | Reached skill level 1 in Dodging
 36826 | Elf:3    | Noticed a deep elf blademaster
 36839 | Elf:2    | Killed a deep elf blademaster
 38673 | Elf:3    | Reached XP level 18. HP: 154/154 MP: 17/17
 38828 | Elf:3    | Got a flickering granite ring
 38831 | Elf:3    | Identified the Disquisition on the Igneous Entourage
 38845 | Elf:3    | Got a flickering bronze amulet
 38854 | Elf:3    | Got a spiked plate armour
 38855 | Elf:3    | Identified the cursed +1 plate armour of the Forgotten
                  | Places {+Fly rElec SInv} (You found it on level 3 of the
                  | Elven Halls)
 39421 | D:10     | Identified the ring "Sotsuon" {+Fly Str-4 Int+8 Stlth-}
                  | (You found it on level 3 of the Elven Halls)
 39422 | D:10     | Identified the amulet of Twilight {Inacc rN++ MR+ Str+4
                  | Int-4} (You found it on level 3 of the Elven Halls)
 39424 | D:10     | Acquired a +2 pair of boots of running
 39470 | D:10     | Acquired 3270 gold pieces
 41056 | Swamp:3  | Noticed a tentacled monstrosity
 41067 | Swamp:3  | Killed a tentacled monstrosity
 41353 | Swamp:4  | Entered Level 4 of the Swamp
 42012 | Swamp:4  | Got a decaying rune of Zot
 42867 | Lair:3   | Acquired a +2 eveningstar of protection
 42869 | Lair:3   | Acquired the +7 eveningstar of the Establishment
                  | {antimagic, *Drain rPois rC+ Str+3}
 42876 | Lair:3   | Acquired the amulet of Wishful Thinking {rPois rC- MR+++
                  | Regen+ Int+4}
 42882 | Spider:1 | Entered Level 1 of the Spider Nest
 44044 | Spider:2 | Noticed Agnes
 44153 | Spider:1 | Killed Agnes
 44371 | Spider:2 | Reached XP level 19. HP: 163/163 MP: 6/18
 44376 | Spider:2 | Noticed Louise
 44394 | Spider:2 | Killed Louise
 46012 | Spider:4 | Entered Level 4 of the Spider Nest
 46314 | Spider:4 | Noticed Arachne
 46335 | Spider:4 | Killed Arachne
 47002 | Spider:4 | Got a gossamer rune of Zot
 47725 | Depths:1 | Entered Level 1 of the Depths
 47728 | Depths:1 | Found a gateway to Hell.
 48047 | Depths:1 | Reached XP level 20. HP: 173/173 MP: 6/19
 48056 | Depths:1 | You fall into a shaft and drop 1 floor!
 48149 | Depths:2 | Got a masterwork leather armour
 48150 | Depths:2 | Identified the cursed +0 leather armour of the Snail
                  | {+Blink rN++ Slay-6 Stlth+} (You found it on level 2 of the
                  | Depths)
 48326 | Depths:1 | Found a gateway to a ziggurat.
 48709 | Depths:1 | Identified the Guide on Transformation
 48999 | D:15     | Lost mutation: You tend to lose your temper in combat.
                  | [potion of mutation]
 48999 | D:15     | Lost mutation: Your mind is acute. (Int +2) [potion of
                  | mutation]
 48999 | D:15     | Lost mutation: You are frail. (-10% HP) [potion of
                  | mutation]
 48999 | D:15     | Gained mutation: Your body sometimes deteriorates upon
                  | taking damage. [potion of mutation]
 48999 | D:15     | Gained mutation: You are agile. (Dex +2) [potion of
                  | mutation]
 48999 | D:15     | Gained mutation: Your magical capacity is low. (-10% MP)
                  | [potion of mutation]
 48999 | D:15     | Gained mutation: Your flesh is cold resistant. (rC+)
                  | [potion of mutation]
 49002 | D:15     | Lost mutation: You are agile. (Dex +2) [potion of mutation]
 49002 | D:15     | Lost mutation: Your body sometimes deteriorates upon taking
                  | damage. [potion of mutation]
 49002 | D:15     | Lost mutation: Your movements are slightly less encumbered
                  | by armour. (ER -2) [potion of mutation]
 49002 | D:15     | Gained mutation: Scrolls take you a little longer to read.
                  | [potion of mutation]
 49002 | D:15     | Gained mutation: You are dopey. (Int -2) [potion of
                  | mutation]
 49002 | D:15     | Gained mutation: Your system is resistant to poisons.
                  | (rPois) [potion of mutation]
 49003 | D:15     | Lost mutation: Scrolls take you a little longer to read.
                  | [potion of mutation]
 49003 | D:15     | Lost mutation: Your magical capacity is low. (-10% MP)
                  | [potion of mutation]
 49003 | D:15     | Gained mutation: You are clumsy. (Dex -2) [potion of
                  | mutation]
 49003 | D:15     | Gained mutation: You expend magic power (3 MP) to
                  | strengthen your wands. [potion of mutation]
 49035 | Hell     | Entered the Vestibule of Hell
 49035 | Hell     | Noticed Geryon
 49050 | Hell     | Killed Geryon
 49882 | Hell     | Found a gateway to the decaying netherworld of Tartarus.
 49975 | Hell     | Found a gateway to the Iron City of Dis.
 50026 | Hell     | Found a gateway to the ashen valley of Gehenna.
 50870 | Depths:2 | Reached XP level 21. HP: 201/201 MP: 6/20
 51696 | Depths:2 | Got a warped morningstar
 51838 | Depths:2 | Identified the +7 morningstar of Wisdom {pain, rC+} (You
                  | found it on level 2 of the Depths)
 51954 | Depths:3 | Found a runed translucent door.
 51961 | Depths:3 | Noticed Ylukin's ghost (adept DgCj)
 52019 | Depths:3 | Killed Ylukin's ghost
 52170 | Depths:3 | Found a one-way gate to the infinite horrors of the Abyss.
 52441 | Depths:3 | Found a one-way gate leading to the halls of Pandemonium.
 52841 | Depths:2 | Reached XP level 22. HP: 132/209 MP: 7/21
 53282 | Depths:3 | Identified a +4 sacred scourge of holy wrath (a +2 demon
                  | whip of pain blessed by the Shining One)
 53282 | Depths:3 | Received a gift from the Shining One
 55080 | Depths:4 | Noticed a golden dragon
 55112 | Depths:4 | Noticed a golden dragon
 55174 | Depths:3 | Killed a golden dragon
 55491 | Depths:4 | Noticed a caustic shrike
 55536 | Depths:3 | Killed a caustic shrike
 55536 | Depths:3 | Reached skill level 27 in Shields
 55874 | Depths:4 | Killed a golden dragon
 56323 | Depths:4 | Found a runed translucent gate.
 56323 | Depths:4 | Found a runed translucent gate.
 56323 | Depths:4 | Found a runed translucent gate.
 56405 | Depths:4 | Found a runed translucent gate.
 56405 | Depths:4 | Found a runed translucent gate.
 56407 | Depths:4 | Noticed Viocziel's ghost (adept TrMo)
 56420 | Depths:4 | Found a runed translucent gate.
 56455 | Depths:4 | Killed Viocziel's ghost
 56608 | Depths:5 | Entered Level 5 of the Depths
 56776 | Depths:5 | Noticed a caustic shrike
 56776 | Depths:5 | Noticed a caustic shrike
 56776 | Depths:5 | Noticed a caustic shrike
 56777 | Depths:5 | Noticed a caustic shrike
 56807 | Depths:4 | Killed a caustic shrike
 57076 | Depths:4 | Killed a caustic shrike
 57092 | Depths:4 | Killed a caustic shrike
 57439 | Depths:4 | Killed a caustic shrike
 57439 | Depths:4 | Reached XP level 23. HP: 178/222 MP: 22/22
 57531 | Depths:5 | Noticed a caustic shrike
 57558 | Depths:5 | Killed a caustic shrike
 57655 | Depths:5 | Noticed a caustic shrike
 57666 | Depths:5 | Killed a caustic shrike
 58052 | Depths:5 | Identified the +2 plate armour "Edaquqo" {+Fly rC- Regen+
                  | Dex+4}
 58319 | Depths:5 | Found a gate to the Realm of Zot.
 58439 | Depths:5 | Found Bihui's Gadget Shop.
 58440 | Depths:5 | Found Ibeusin's Jewellery Emporium.
 58462 | Depths:5 | Found Anerroz's Gadget Shop.
 58522 | Depths:5 | Noticed a caustic shrike
 58526 | Depths:5 | Noticed a caustic shrike
 58527 | Depths:5 | Noticed a caustic shrike
 58531 | Depths:5 | Killed a caustic shrike
 58536 | Depths:5 | Killed a caustic shrike
 58543 | Depths:5 | Killed a caustic shrike
 58613 | Depths:5 | Noticed a juggernaut
 58624 | Depths:5 | Killed a juggernaut
 59213 | Depths:5 | Identified the +7 war axe "Irhewag" {pain, rC+ rN+}
 59413 | Dis:1    | Entered Level 1 of the Iron City of Dis
 59611 | Dis:1    | You fall into a shaft and drop 1 floor!
 60068 | Dis:2    | Reached XP level 24. HP: 231/231 MP: 22/22
 60633 | Dis:3    | You fall into a shaft and drop 1 floor!
 61766 | Dis:1    | Reached skill level 27 in Maces & Flails
 61809 | Dis:1    | Reached skill level 1 in Invocations
 62279 | Dis:3    | Acquired 5 rations
 63282 | Dis:5    | Reached skill level 5 in Invocations
 63333 | Dis:5    | Reached XP level 25. HP: 244/244 MP: 25/25
 65104 | Dis:7    | Entered Level 7 of the Iron City of Dis
 65965 | Dis:7    | Got a transparent lead ring
 65966 | Dis:7    | Identified the ring "Xiraih" {+Blink rF+ MR+ SInv} (You
                  | found it on level 7 of the Iron City of Dis)
 66077 | Dis:7    | Got a crude bone ring
 66168 | Dis:7    | Identified the ring of Hoixkut {rPois rF+ rC+ rN+ Int+2}
                  | (You found it on level 7 of the Iron City of Dis)
 66408 | Dis:7    | Got a glittering tin ring
 66442 | Dis:7    | Got a bound gossamer ring
 66445 | Dis:7    | Got a fine robe
 66449 | Dis:7    | Got a warped dagger
 66456 | Dis:7    | Identified the +2 robe of Infinity {rC- Regen+ Str+8
                  | Slay+3} (You found it on level 7 of the Iron City of Dis)
 66460 | Dis:7    | Got a clouded diamond amulet
 66461 | Dis:7    | Identified the ring "Ysuawe" {Dex+2 Stlth+} (You found it
                  | on level 7 of the Iron City of Dis)
 66463 | Dis:7    | Identified the ring "Estraum" {+Blink rC+ MR+ Int-3 Dex+5}
                  | (You found it on level 7 of the Iron City of Dis)
 66464 | Dis:7    | Identified the amulet "Tiguiw" {RegenMP rC+ Str-5 Int+3}
                  | (You found it on level 7 of the Iron City of Dis)
 66593 | Dis:7    | Reached XP level 26. HP: 259/259 MP: 25/25
 66811 | Dis:7    | Identified the +4 staff of Dispater
 66811 | Dis:7    | Noticed Dispater
 67041 | Dis:7    | Killed Dispater
 67139 | Dis:7    | Got an iron rune of Zot
 67293 | Dis:7    | Reached skill level 5 in Dodging
 67699 | Geh:1    | Entered Level 1 of Gehenna
 67734 | Geh:1    | Reached skill level 10 in Invocations
 68222 | Geh:1    | Reached skill level 10 in Dodging
 70504 | Geh:3    | Reached XP level 27. HP: 266/266 MP: 32/32
 70960 | Geh:3    | Reached skill level 15 in Invocations
 72604 | Geh:5    | Identified the +5 dagger of Linearity {distort, Dex+6} (You
                  | found it on level 7 of the Iron City of Dis)
 72810 | Geh:5    | Reached skill level 27 in Fighting
 74210 | Geh:7    | Entered Level 7 of Gehenna
 75067 | Geh:7    | Reached skill level 27 in Armour
 75188 | Geh:7    | Reached skill level 15 in Dodging
 75319 | Geh:7    | Identified the +7 sceptre of Asmodeus
 75319 | Geh:7    | Noticed Asmodeus
 75334 | Geh:7    | Killed Asmodeus
 75424 | Geh:7    | Identified Faosape's Almanac of the Frostbite
 75431 | Geh:7    | Got a bloodstained morningstar
 75439 | Geh:7    | Got an obsidian rune of Zot
 75803 | Tar:1    | Entered Level 1 of Tartarus
 75985 | Tar:1    | You fall into a shaft and drop 1 floor!
 80621 | Tar:7    | Entered Level 7 of Tartarus
 81236 | Tar:7    | Noticed the Serpent of Hell
 81249 | Tar:7    | Killed the Serpent of Hell
 81700 | Tar:7    | Got a buzzing hand axe
 81701 | Tar:7    | Identified the +11 morningstar "Jyzainn" {freeze, rF+ Int+4
                  | Dex-2} (You found it on level 7 of Gehenna)
 82782 | Tar:7    | Got a shimmering mace
 82784 | Tar:7    | Got a twisted mace
 82787 | Tar:7    | Identified the cursed +2 mace "Tocis" {venom, MR++} (You
                  | found it on level 7 of Tartarus)
 82788 | Tar:7    | Identified the +6 mace of the Median {elec, rN++} (You
                  | found it on level 7 of Tartarus)
 82819 | Tar:7    | Noticed Ereshkigal
 82835 | Tar:7    | Killed Ereshkigal
 82951 | Tar:7    | Identified the Incunabulum of Toxic Dark Arts
 82954 | Tar:7    | Got a wavering turquoise ring
 82957 | Tar:7    | Got a bone rune of Zot
 82963 | Tar:7    | Got an ancient ivory ring
 83327 | Hell     | Identified the ring "Oheo" {+Fly Int+3} (You found it on
                  | level 7 of Tartarus)
 83330 | Hell     | Identified the ring "Osuucs" {MP+9 Str-3 Dex+8} (You found
                  | it on level 7 of Tartarus)
 83411 | Hell     | Found a gateway to the freezing wastes of Cocytus.
 83425 | Coc:1    | Entered Level 1 of Cocytus
 84937 | Coc:7    | Entered Level 7 of Cocytus
 86271 | Coc:7    | Noticed Antaeus
 86592 | Coc:7    | Killed Antaeus
 86753 | Coc:7    | Found the +7 sceptre of Torment {pain, torment}
 86802 | Coc:7    | Got an icy rune of Zot
 87362 | Vaults:1 | Entered Level 1 of the Vaults
 88986 | Vaults:2 | Reached skill level 27 in Invocations
 89220 | Vaults:2 | Noticed Jory
 89230 | Vaults:2 | Killed Jory
 89809 | Vaults:2 | Found a staircase to the Crypt.
 89955 | Vaults:2 | Found Cuxif's General Store.
 89983 | Vaults:2 | Bought a scroll of identify for 26 gold pieces
 89983 | Vaults:2 | Bought a ration for 65 gold pieces
 89983 | Vaults:2 | Bought a scroll of identify for 26 gold pieces
 89983 | Vaults:2 | Bought a ration for 65 gold pieces
 90505 | Vaults:3 | Found Ysej Yco's Gadget Shoppe.
 91479 | Vaults:3 | Noticed Asterion
 91494 | Vaults:3 | Killed Asterion
 91684 | Vaults:3 | Identified the ring of Xofet {Fire rN+}
 92180 | Vaults:3 | Got a crystal falchion
 92188 | Vaults:3 | Identified the +9 falchion of the Ghost {drain, rC++ MR++}
                  | (You found it on level 3 of the Vaults)
 93232 | Vaults:4 | Reached skill level 27 in Dodging
 93424 | Vaults:4 | Reached skill level 1 in Stealth
 93619 | Vaults:5 | Entered Level 5 of the Vaults
 93692 | Vaults:5 | Reached skill level 5 in Stealth
 94021 | Vaults:5 | Reached skill level 10 in Stealth
 94028 | Vaults:4 | Reached skill level 1 in Evocations
 94342 | Vaults:5 | Reached skill level 5 in Evocations
 94486 | Vaults:5 | Got a transparent platinum ring
 94668 | Vaults:5 | Identified the +2 flail of Guile {antimagic, rF+}
 94731 | Vaults:5 | Noticed an ancient lich
 94737 | Vaults:5 | Killed an ancient lich
 94760 | Vaults:5 | Got a silver rune of Zot
 94782 | Vaults:5 | Identified the ring of Nutue {*Contam rPois rF+ rC+ Str+8}
 94824 | Vaults:5 | Identified the ring "Atoxt" {Str+3 Stlth-} (You found it on
                  | level 5 of the Vaults)
 95564 | Vaults:5 | Got a bronze ring mail
 95565 | Vaults:5 | Identified the +1 ring mail of Yfel Rufawn {Str+6 Dex+2
                  | Stlth-} (You found it on level 5 of the Vaults)
 95749 | Crypt:1  | Entered Level 1 of the Crypt
 95854 | Crypt:1  | Reached skill level 10 in Evocations
 96530 | Crypt:2  | Noticed a greater mummy
 96531 | Crypt:2  | Noticed Khufu
 96702 | Crypt:1  | Killed a greater mummy
 96930 | Crypt:2  | Killed Khufu
 97145 | Crypt:2  | Noticed an ancient lich
 97386 | Crypt:2  | Found a shimmering blue altar of Sif Muna.
 97387 | Crypt:2  | Found a transporter.
 97786 | Crypt:2  | Killed an ancient lich
 97851 | Crypt:2  | Found a transporter.
 97922 | Crypt:3  | Entered Level 3 of the Crypt
 98211 | Crypt:3  | Found a basalt altar of Yredelemnul.
 98791 | Crypt:3  | Found a staircase to the Tomb.
 98944 | Crypt:3  | Found the +9 sword of Zonguldrok {reap}
 99355 | Crypt:3  | Reached skill level 15 in Evocations
 99367 | Crypt:3  | Got a buzzing long sword
 99368 | Crypt:3  | Identified the +7 long sword of the Illusory Bounties
                  | {elec, rElec rF+} (You found it on level 3 of the Crypt)
 99788 | Tomb:1   | Entered Level 1 of the Tomb of the Ancients
100468 | Tomb:1   | Noticed a greater mummy
100510 | Tomb:1   | Killed a greater mummy
100833 | Tomb:1   | Noticed a greater mummy
100839 | Tomb:1   | Killed a greater mummy
101417 | Tomb:2   | Noticed a greater mummy
101418 | Tomb:2   | Noticed a greater mummy
101432 | Tomb:2   | Killed a greater mummy
101434 | Tomb:2   | Noticed a greater mummy
101512 | Tomb:2   | Noticed an ancient lich
101515 | Tomb:2   | Killed an ancient lich
101529 | Tomb:2   | Killed a greater mummy
101564 | Tomb:2   | Killed a greater mummy
102928 | Tomb:1   | Noticed a greater mummy
102939 | Tomb:1   | Killed a greater mummy
103059 | Tomb:1   | Noticed a greater mummy
103062 | Tomb:1   | Noticed a greater mummy
103066 | Tomb:1   | Killed a greater mummy
103067 | Tomb:1   | Noticed a greater mummy
103073 | Tomb:1   | Killed a greater mummy
103079 | Tomb:1   | Killed a greater mummy
103091 | Tomb:1   | Noticed a greater mummy
103119 | Tomb:1   | Killed a greater mummy
103374 | Tomb:1   | Identified the +7 battleaxe of Haunted Valiance {drain,
                  | Str+6}
103374 | Tomb:1   | Noticed a greater mummy
103382 | Tomb:1   | Killed a greater mummy
103407 | Tomb:1   | Noticed a greater mummy
103417 | Tomb:1   | Killed a greater mummy
103616 | Tomb:1   | Noticed a greater mummy
103619 | Tomb:1   | Killed a greater mummy
103665 | Tomb:1   | Noticed a greater mummy
103668 | Tomb:1   | Noticed a greater mummy
103671 | Tomb:1   | Killed a greater mummy
103675 | Tomb:1   | Killed a greater mummy
103676 | Tomb:1   | Noticed a greater mummy
103676 | Tomb:1   | Noticed a greater mummy
103683 | Tomb:1   | Killed a greater mummy
103697 | Tomb:1   | Killed a greater mummy
104555 | Tomb:3   | Entered Level 3 of the Tomb of the Ancients
104567 | Tomb:3   | Noticed Mennas
104567 | Tomb:3   | Noticed a greater mummy
104569 | Tomb:3   | Noticed a greater mummy
104571 | Tomb:3   | Noticed Frederick
104582 | Tomb:3   | Killed a greater mummy
104596 | Tomb:3   | Noticed a greater mummy
104601 | Tomb:3   | Killed Mennas
104601 | Tomb:3   | Noticed a greater mummy
104604 | Tomb:3   | Killed Frederick
104605 | Tomb:3   | Killed a greater mummy
104614 | Tomb:3   | Killed a greater mummy
104623 | Tomb:3   | Killed a greater mummy
104625 | Tomb:3   | Noticed a greater mummy
104639 | Tomb:3   | Killed a greater mummy
104757 | Tomb:3   | Noticed a greater mummy
104767 | Tomb:3   | Killed a greater mummy
104872 | Tomb:3   | Noticed an ancient lich
104881 | Tomb:3   | Found the +9 staff of Olgreb {rPois∞}
104887 | Tomb:3   | Killed an ancient lich
104933 | Tomb:3   | Got a pair of bloodstained gloves
104943 | Tomb:3   | Identified the cursed +0 pair of gloves of Indomitability
                  | {-Tele MR+ Int+3} (You found it on level 3 of the Tomb of
                  | the Ancients)
105194 | Tomb:3   | Got a faintly glowing hand axe
105228 | Tomb:3   | Identified the +4 hand axe "Loatixim" {vorpal, rPois} (You
                  | found it on level 3 of the Tomb of the Ancients)
105240 | Tomb:3   | Got a shimmering whip
105241 | Tomb:3   | Identified the +6 whip "Lust" {pain, *Noise rPois Dex+10
                  | Stlth+} (You found it on level 3 of the Tomb of the
                  | Ancients)
105260 | Tomb:3   | Noticed a greater mummy
105277 | Tomb:3   | Killed a greater mummy
105292 | Tomb:3   | Noticed a greater mummy
105304 | Tomb:3   | Killed a greater mummy
105728 | Tomb:3   | Got a golden rune of Zot
106437 | Lair:6   | Found a staircase to the Slime Pits.
106481 | Slime:1  | Entered Level 1 of the Pits of Slime
106559 | Slime:1  | Gained mutation: You are weak. (Str -2) [a shining eye]
106561 | Slime:1  | Gained mutation: You occasionally shout uncontrollably at
                  | your foes. [a shining eye]
106607 | Slime:2  | Gained mutation: You are frail. (-10% HP) [a shining eye]
106739 | Slime:5  | Entered Level 5 of the Pits of Slime
106827 | Slime:5  | Gained mutation: Your magical capacity is low. (-10% MP) [a
                  | shining eye]
106938 | Slime:5  | Noticed the Royal Jelly
106949 | Slime:5  | Gained mutation: You tend to lose your temper in combat. [a
                  | shining eye]
106978 | Slime:5  | Found a viscous altar of Jiyva.
107040 | Slime:5  | Gained mutation: Potions are less effective at restoring
                  | your health. [a shining eye]
107043 | Slime:5  | Gained mutation: You are very weak. (Str -4) [a shining
                  | eye]
107060 | Slime:5  | Gained mutation: Your body sometimes deteriorates upon
                  | taking damage. [a shining eye]
107106 | Slime:5  | Found the +5 robe of Misfortune {*Contam Harm *Corrode
                  | *Drain *Slow EV+5}
107312 | Slime:3  | Gained mutation: You are very dopey. (Int -4) [a shining
                  | eye]
107398 | Slime:5  | Killed the Royal Jelly
107486 | Slime:5  | Got a slimy rune of Zot
107667 | Slime:5  | Got a smoking hat
107827 | Slime:5  | Gained mutation: Your body often deteriorates upon taking
                  | damage. [a shining eye]
108039 | Slime:3  | Gained mutation: Scrolls take you a little longer to read.
                  | [a shining eye]
108042 | Slime:3  | Gained mutation: You often lose your temper in combat. [a
                  | shining eye]
108077 | Slime:1  | Gained mutation: Scrolls take you longer to read. [a
                  | shining eye]
108109 | Slime:1  | Gained mutation: Scrolls take you much longer to read. [a
                  | shining eye]
108113 | Slime:1  | Gained mutation: Armour fits poorly on your strangely
                  | shaped body. [a shining eye]
108407 | Lair:6   | Identified the +0 hat "Dur Comp" {rElec MR++} (You found it
                  | on level 5 of the Pits of Slime)
109043 | Depths:3 | Voluntarily entered the Abyss.
109141 | Abyss:1  | Found a corrupted altar of Lugonu.
110144 | Abyss:3  | Lost mutation: Your flesh is cold resistant. (rC+) [a
                  | neqoxec]
110412 | Abyss:3  | Got an abyssal rune of Zot
110441 | Depths:3 | Escaped the Abyss
110511 | Pan      | Entered Pandemonium
110621 | Pan      | Gained mutation: You are very clumsy. (Dex -4) [a neqoxec]
110696 | Pan      | Noticed Plog the pandemonium lord
110706 | Pan      | Killed Plog the pandemonium lord
110778 | Pan      | Gained mutation: You sometimes yell uncontrollably at your
                  | foes. [a neqoxec]
110782 | Pan      | Gained mutation: You have an uncontrollable temper. [a
                  | neqoxec]
111043 | Pan      | Got an ancient graven amulet
111047 | Pan      | Identified the amulet "Qenus" {RegenMP Str+4} (You found it
                  | in Pandemonium)
111390 | Pan      | Noticed Keaxzal the pandemonium lord
111397 | Pan      | Killed Keaxzal the pandemonium lord
112226 | Pan      | Got an iridescent short sword
112230 | Pan      | Identified the +8 short sword of Jeboegh {antimagic, Str+2}
                  | (You found it in Pandemonium)
112320 | Pan      | Noticed Cosamept the pandemonium lord
112334 | Pan      | Paralysed by a floating eye for 4 turns
112343 | Pan      | Paralysed by a floating eye for 4 turns
112355 | Pan      | Paralysed by a floating eye for 2 turns
112357 | Pan      | Killed Cosamept the pandemonium lord
112531 | Pan      | Identified the +8 shortbow of a bazaar {speed, MR+}
113168 | Pan      | Gained mutation: You frequently scream uncontrollably at
                  | your foes. [a neqoxec]
113207 | Pan      | Noticed Iseajocs the pandemonium lord
113213 | Pan      | Killed Iseajocs the pandemonium lord
114131 | Pan      | HP: 11/245 [daeva/divine providence (12)]
114132 | Pan      | Killed from afar by a daeva

Illustrated notes

Levels and vault maps discovered:
D:1:      lightli_arrival_statue_moat, layout_loops_corners,
          minmay_misc_feat_alley
D:2:      layout_loops_corners, grunt_temple_overflow_diamond,
          grunt_gozag_breadcrumbs, uniq_jessica
D:3:      layout_loops_ring
D:4:      minmay_bubble_buster, layout_layer_cave, lemuel_round_altar,
          minmay_temple_entry_proselytizer
D:5:      layout_loops_ring, serial_rivers, chequers_serial_rivers_small_a,
          chequers_serial_rivers_large_a, chequers_serial_rivers_small_a,
          chequers_serial_rivers_room_a, first_ration, uniq_blork_the_orc,
          uniq_crazy_yiuf_cottage
D:6:      layout_basic, basic_altar
D:7:      layout_cave_pods, serial_shops, shop
D:8:      layout_basic, xom_redecorated, evilmike_ruin_ashenzari
D:9:      layout_rooms, lemuel_round_altar, kennysheep_little_box,
          overflow_temple_1_default, minmay_lair_entry_grove,
          hangedman_little_slice_of_home
D:10:     layout_loops_ring, erik_orc_4, uniq_psyche, uniq_sonja, uniq_maggie
D:11:     hangedman_cross_cluster, layout_loops_corners,
          hangedman_abyss_or_decor_clamps, wad_dig_loot, uniq_nergalle
D:12:     layout_long_grid, nicolae_qazlal_style_of_elements
D:13:     minmay_quarter_circles, layout_basic, kennysheep_generic_room_11
D:14:     layout_long_grid, erik_vaults_1, enter_bailey_2,
          grunt_decor_resistance
D:15:     grunt_enter_depths_snipers, layout_loops_ring, minmay_curled_crystal
Temple:   eino_temple_lava
Lair:1:   layout_misc_corridors, fungi_pond_lemuel
Lair:2:   lemuel_ratsnest, layout_gridlike, worms_lemuel,
          infiniplex_staircase_pool
Lair:3:   layout_cave_pods, nicolae_spider_entry_tight_spaces,
          beast_lair_carwin_8, uniq_gastronok
Lair:4:   layout_roguey, minmay_swamp_entry_reptiles, grunt_megastairs_3,
          minmay_lair_oklob_chamber, lemuel_fruit_fields, serial_bayou_shore_a,
          uniq_urug, uniq_snorg
Lair:5:   beast_lair_carwin_large_3, layout_long_grid, columned_hall_lemuel,
          kennysheep_catoblepas_arena
Lair:6:   wormcave, layout_cave_pods, minmay_slime_entry_oklob_enclosed,
          minmay_stone_trees_small
Swamp:1:  layout_falls_marsh, portal_ice_cave_entry_pillars_1,
          evilmike_swamp_ruin_rubble_2
Swamp:2:  layout_falls_marsh, hangedman_swamp_pad, uniq_frances
Swamp:3:  layout_falls_marsh, nicolae_swamp_treefoil
Swamp:4:  swamp, layout_basic_swamp
Spider:1: layout_chambers
Spider:2: layout_spider_delve, uniq_louise, uniq_agnes
Spider:3: layout_spider_delve
Spider:4: floodkiller_spider_rune_tomb, uniq_arachne
Slime:1:  layout_caves
Slime:2:  layout_caves
Slime:3:  layout_caves, nicolae_slime_phagocytosis
Slime:4:  nicolae_slime_pool, layout_caves, nicolae_slime_welcoming_committee
Slime:5
Orc:1:    layout_caves, uniq_harold
Orc:2:    grunt_orc_tribal_feast, layout_caves, gauntlet_entry_generic,
          basic_altar
Elf:1:    eino_elf_arrival_shootout, layout_rooms, serial_shops,
          nicolae_shop_window_shopping, minmay_elf_sorcery
Elf:2:    layout_onion_city, feat_on_display
Elf:3:    minmay_elf_hall_spiked, layout_geoelf_diagonals
Vaults:1: v_misc_18, ontoclasm_vaults_ring_small, ontoclasm_vaults_ring_small,
          ontoclasm_vaults_ring_square, v_misc_13, vaults_room_pool,
          hangedman_vaults_corner_blocks, vaults_dpeg_diagonal, v_misc_29,
          layout_vaults_omnigrid
Vaults:2: nicolae_vaults_twisting_passages, ontoclasm_vaults_shout,
          minmay_crypt_entry_skeletal_spiral, vaults_room_large_hall,
          dpeg_vaults_monster_box, nicolae_vaults_asterisk,
          nicolae_vaults_network_square, vaults_dpeg_encased_lava,
          ontoclasm_vaults_twist, layout_vaults_chaotic_city, serial_shops,
          shop, uniq_jory
Vaults:3: st_greater_box_3, grunt_vaults_funnel,
          nicolae_vaults_little_squares_5, hangedman_vaults_maws,
          hangedman_vaults_unwind, hangedman_vaults_capsules,
          grunt_vaults_twisty, hangedman_vaults_slice,
          ontoclasm_vaults_ring_small, nicolae_vaults_ring_of_whatevers,
          layout_vaults_omnibox, serial_shops, shop, uniq_asterion
Vaults:4: nicolae_vaults_theta, nicolae_vaults_network_quincunx
          [nicolae_vaults_network_quincunx_subvault,
          nicolae_vaults_network_quincunx_subvault,
          nicolae_vaults_network_quincunx_subvault,
          nicolae_vaults_network_quincunx_subvault,
          nicolae_vaults_network_quincunx_subvault], ontoclasm_vaults_fault,
          vaults_room_fours, hangedman_vaults_stagger, vaults_room_door_ring,
          grunt_vaults_diagonal, v_rooms_1, serial_ice_b, v_misc_16,
          hangedman_vaults_slice, layout_vaults_omnicross
Vaults:5: serial_shops, uniq_margery
Crypt:1:  layout_regular_city, roderic_lattice_octagonal_star
Crypt:2:  gammafunk_sealed_library, layout_regular_city, uniq_khufu
Crypt:3:  evilmike_haunted_forest
Tomb:1
Tomb:2
Tomb:3:   uniq_mennas, uniq_frederick
Depths:1: layout_cave_pools, enter_ziggurat_b, hell_entry,
          hangedman_research_metamorphosis
Depths:2: kennysheep_demon_jail, layout_small_grid, hell_entry,
          serial_sigils_hangedman_leer, special_room [special_room_jelly]
Depths:3: evilmike_hourglass, layout_cross, abyss_entry_small_statue_room,
          hell_entry, rand_demon_pan_entry_1, muffindrake_ghost_dead_mans_drink,
          minmay_statues_item
Depths:4: minmay_concentric_multi, layout_basic, lightli_too_deep,
          ploomutoo_gammafunk_ghost_potion_laboratory, abyss_entry,
          minmay_staircase_windowed_small
Depths:5: grunt_twist_and_shout, layout_gridlike, corexii_corridor_pit,
          grunt_hell_entry_dis_mu, minmay_misc_feat_encased,
          minmay_swirly_circle, minmay_shop_grove
Hell
Dis:1:    layout_subdivisions
Dis:2:    hangedman_dis_monolith, layout_chaotic_city, lemuel_elevator
Dis:3:    layout_regular_city
Dis:4:    layout_gridville
Dis:5:    layout_gridville
Dis:6:    layout_jigsaw
Dis:7:    iron_city_of_dis [dis_old, dis_wall_7], layout_chaotic_city
Geh:1:    layout_gehenna_pools_box
Geh:2:    layout_gehenna_pools_triple
Geh:3:    layout_gehenna_lava_caves
Geh:4:    layout_gehenna_pools_triple, minmay_fire_ice_demons
Geh:5:    layout_gehenna_pools_basic
Geh:6:    layout_gehenna_lava_caves
Geh:7:    geh_mu
Coc:1:    layout_ice_bergs
Coc:2:    layout_ice_bergs
Coc:3:    layout_ice_bergs
Coc:4:    layout_ice_bergs
Coc:5:    layout_ice_bergs
Coc:6:    layout_cocytus_water_paths
Coc:7:    coc_grunt_cove [coc_grunt_cove_antaeus, coc_grunt_cove_fiend,
          coc_grunt_cove_fiend, coc_grunt_cove_fiend, coc_grunt_cove_fiend]
Tar:1:    layout_catacombs
Tar:2:    hangedman_damned_closets, layout_grid_maze,
          nicolae_tar_cuneiform_three
Tar:3:    grunt_deathspiral_small, layout_cathedral_of_symmetry,
          hangedman_restless_catacombs
Tar:4:    layout_catacombs
Tar:5:    layout_grid_maze
Tar:6:    layout_grid_maze
Tar:7:    tar_minmay_river
Pan:      nicolae_pan_glass_arcs, layout_pan_divisions_a
          [pan_division_quadrant_a6, pan_division_quadrant_a6,
          pan_division_quadrant_a1, pan_division_quadrant_a6,
          pan_division_octagon_box], nicolae_pan_gloorx_vloqian_3,
          evilmike_mini_pan_3x3, layout_pan_divisions_b
          [pan_division_quadrant_b6, pan_division_quadrant_b5,
          pan_division_quadrant_b3, pan_division_quadrant_b5],
          evilmike_mini_pan_layers, layout_pan_divisions_b
          [pan_division_quadrant_b6, pan_division_quadrant_b3,
          pan_division_quadrant_b4, pan_division_quadrant_b1],
          grunt_pan_in_and_out, layout_irregular_city, evilmike_holy_pan

Skill      XL: |  1  2  3  4  5  6  7  8  9 10 11 12 13 14 15 16 17 18 19 20 21 22 23 24 25 26 27 |
---------------+----------------------------------------------------------------------------------+-----
Armour         | 4 5 6 7 8 9 11 12 13 14 15 17 19 20 21 23 27 | 27.0
Fighting       | 4 5 6 7 9 10 11 12 13 15 17 18 19 20 21 23 25 27 | 27.0
Maces & Flails | 3 4 5 6 7 9 11 12 13 14 15 16 18 19 20 21 22 25 27 | 27.0
Shields        | 4 5 7 9 10 12 14 16 18 19 20 21 24 26 27 | 27.0
Dodging        | 3 12 27 | 27.0
Invocations    | 5 13 27 | 27.0
Stealth        | 11 | 11.1
Evocations     | 26 | 26.5

Action                   |  1- 3 |  4- 6 |  7- 9 | 10-12 | 13-15 | 16-18 | 19-21 | 22-24 | 25-27 || total
-------------------------+-------+-------+-------+-------+-------+-------+-------+-------+-------++-------
Melee: Flail             |    79 |    13 |       |       |       |       |       |       |       ||    92
       Headbutt          |    19 |    15 |    79 |   206 |   465 |   264 |   430 |   522 |  2426 ||  4426
       Mace              |       |    64 |   331 |   802 |  1628 |  1061 |       |       |       ||  3886
       Eveningstar       |       |       |       |       |       |   135 |  1377 |    45 |       ||  1557
       Sacred scourge    |       |       |       |       |       |       |       |  1523 |  8499 || 10022
Invok: Brand Weapon With |       |       |       |       |       |       |       |     1 |       ||     1
       Cleansing Flame   |       |       |       |       |       |       |       |       |    35 ||    35
       Summon Divine War |       |       |       |       |       |       |       |       |    34 ||    34
       Divine Shield     |       |       |       |       |       |       |       |       |    19 ||    19
 Abil: Evoke Flight      |       |       |       |       |       |       |     1 |       |       ||     1
       Evoke Blink       |       |       |       |       |       |       |       |       |     3 ||     3
Evoke: Wand              |       |       |       |       |       |       |       |       |     1 ||     1
  Use: Scroll            |       |    10 |       |    14 |    20 |    15 |     6 |     7 |    38 ||   110
       Potion            |       |     8 |       |    12 |     5 |     6 |     7 |     5 |    22 ||    65
  Eat: Chunk             |     1 |     5 |    12 |    19 |    43 |    26 |    21 |    17 |    70 ||   214
       Ration            |     1 |       |       |     2 |     2 |     5 |     2 |     4 |    30 ||    46
Armor: Scale mail        |    11 |       |       |       |       |       |       |       |       ||    11
       Chain mail        |    22 |    17 |       |       |   136 |    55 |       |       |       ||   230
       Plate armour      |       |    28 |   176 |   320 |   303 |       |       |       |       ||   827
       Gold dragon scale |       |       |       |       |       |   521 |  1221 |   339 |  1755 ||  3836
Dodge: Dodged            |    12 |     9 |    83 |   129 |   258 |   254 |   495 |   120 |  1395 ||  2755
Block: Kite shield       |    28 |    32 |   201 |   612 |  1269 |  1012 |   221 |       |       ||  3375
       Reflection        |       |       |       |     2 |    71 |    77 |       |       |       ||   150
       Tower shield      |       |       |       |       |       |       |  1732 |  1113 |  6917 ||  9762
